 Dungeon Crawl Stone Soup version 0.29-a0-410-g9596d59a08 (webtiles) character file.

Game seed: 5865880864322757960

32 Lekart the Skirmisher (level 3, 0/33 HPs)
             Began as a Draconian Chaos Knight on May 14, 2022.
             Was a Plaything of Xom.
             Succumbed to an adder's poison
             ... on level 2 of the Dungeon.
             The game lasted 00:00:53 (1017 turns).

Lekart the Skirmisher (Draconian Chaos Knight)      Turns: 1017, Time: 00:00:54

Health: 0/33       AC:  5    Str: 14    XL:     3   Next: 10%
Magic:  3/3        EV: 12    Int: 12    God:    Xom [..*...]
Gold:   35         SH:  0    Dex: 12    Spells: 2/2 levels left

rFire   . . .      SeeInvis .   a - +0 falchion (chaos)
rCold   . . .      Faith    .   (no shield)
rNeg    . . .      Spirit   .   (body armour unavailable)
rPois   .          Reflect  .   (helmet restricted)
rElec   .          Harm     .   (no cloak)
rCorr   .          Rampage  .   (no gloves)
Will    .....                   (no boots)
Stlth   +.........              (no amulet)
HPRegen 0.11/turn               (no ring)
MPRegen 0.08/turn               (no ring)

@: lethally poisoned (0 -> -1), hasted, invisible, very quick
A: AC +5, unfitting armour, cold-blooded
a: Renounce Religion


You were on level 2 of the Dungeon.
You worshipped Xom.
You were a toy of Xom.
You visited 1 branch of the dungeon, and saw 2 of its levels.

You collected 35 gold pieces.

Inventory:

Hand Weapons
 a - a +0 falchion of chaos (weapon)
Scrolls
 c - a scroll of identify
 f - a scroll of teleportation {unknown}
Potions
 d - a potion of cancellation
Miscellaneous
 b - a piece from Xom's chessboard (15/15) (quivered)


   Skills:
 * Level 3.9 Fighting
 + Level 3.2 Long Blades
 + Level 2.4 Dodging
 + Level 1.0 Evocations


You had 2 spell levels left.
You didn't know any spells.
Your spell library was empty.

Dungeon Overview and Level Annotations

Branches:
Dungeon (2/15)

Altars:


Innate Abilities, Weirdness & Mutations

Your plain brown scales are hard. (AC +5)
You cannot fit into any form of body armour.
You are cold-blooded and may be slowed by cold attacks.


Message History

You barely miss the adder.
The adder is heavily wounded.
You feel sick. The adder bites you.
You are more poisoned.
The adder poisons you!
You are too injured to fight recklessly!
You are too injured to fight recklessly!
You are too injured to fight recklessly!
You miss the adder.
Your tail-slap misses the adder.
The adder is heavily wounded.
You feel sick. The adder closely misses you.
The adder bites you but does no damage.
You barely miss the adder.
Your tail-slap misses the adder.
The adder is heavily wounded.
You feel sick. The adder barely misses you.
You hit the adder.
The adder flickers and vanishes!
Deactivating autopickup; reactivate with Ctrl-A.
Xom thinks this is hilarious!
You feel sick. Something bites you.
* * * LOW HITPOINT WARNING * * *
Something bites you.
* * * LOW HITPOINT WARNING * * *
You miss something.
Your tail-slap misses something.
You feel sick. Something bites you.
* * * LOW HITPOINT WARNING * * *
You feel yourself speed up.
* * * LOW HITPOINT WARNING * * *
You feel sick.
Something bites you but does no damage. x2
You swap places.
* * * LOW HITPOINT WARNING * * *
You feel sick.
Reactivating autopickup.
You feel a bit more experienced.
Your Evocations skill increases to level 1!
You have reached level 3!
Your experience leads to an increase in your attributes!
Increase (S)trength, (I)ntelligence, or (D)exterity?
You feel agile. x2; Your scales feel tougher.
You die...
Xom giggles madly!

#################
......§b°@....>.#
###############.#
#.# #.# #.#
#.##### #
#.#...######
#.#.........
#.#.#.######


You could see a friendly bat (summoned).

Vanquished Creatures
  An adder (D:2)
  A dart slug (D:1)
  2 ball pythons (D:1)
  2 bats (D:1)
  2 endoplasms (D:1)
  A hobgoblin (D:2)
  A quokka (D:1)
  A frilled lizard (D:1)
  3 goblins (D:1)
  4 kobolds (D:1)
  3 rats (D:1)
21 creatures vanquished.

Notes
Turn   | Place    | Note
-------+----------+-------------------------------------------
     0 | D:1      | Lekart the Draconian Chaos Knight began the quest for the
                  | Orb.
     0 | D:1      | Reached XP level 1. HP: 19/19 MP: 1/1
   425 | D:1      | Reached XP level 2. HP: 26/26 MP: 2/2
   482 | D:1      | XOM: divination: detect creatures
   711 | D:1      | XOM: cloud trail
   901 | D:2      | XOM is BORED!
   901 | D:2      | XOM: 2-stop teleportation journey
  1001 | D:2      | XOM: cast spell 'Summon Small Mammal'
  1005 | D:2      | XOM: smoke on damage
  1007 | D:2      | XOM: potion effect (invisibility)
  1016 | D:2      | HP: 1/27 [poisoned by an adder]
  1017 | D:2      | Reached skill level 1 in Evocations
  1017 | D:2      | Reached XP level 3. HP: 1/33 MP: 3/3
  1017 | D:2      | Succumbed to an adder's poison

Illustrated notes

Levels and vault maps discovered:
D:1:      evilmike_arrival_rings, layout_loops_ring
D:2:      layout_basic, shapermc_ecumenical_altar_acropolis, skrybe_limestone_x,
          kennysheep_flooded_box, uniq_terence

Skill      XL: |  1  2 |
---------------+-------+-----
Evocations     | 1 |  1.0
Fighting       | |  3.9
Long Blades    | |  3.2
Dodging        | |  2.4

Action                   || total
-------------------------++-------
Melee: Falchion          ||    63
       Tailslap          ||     6
       Punch             ||     1
  Use: Scroll            ||     2
       Potion            ||     1
Armor: Skin              ||    16
Dodge: Dodged            ||    38

Table legend: (Time is in decaauts)
 A = Elapsed time spent in this place.
 B = Non-inter-level travel time spent in this place.
 C = Inter-level travel time spent in this place.
 D = Time resting spent in this place.
 E = Time spent auto-exploring this place.
 F = Levels seen in this place.
 G = Mean time per level.
                   A        B        C        D        E       F      G
               +--------+--------+--------+--------+--------+-----+--------+
         Total |   1028 |   1002 |     26 |      0 |    856 |   2 |  514.0 |
       Dungeon |   1028 |   1002 |     26 |      0 |    856 |   2 |  514.0 |
               +--------+--------+--------+--------+--------+-----+--------+

Top non-repeatable levels by time:
     D:1: 882 daAuts
     D:2: 146 daAuts
